cohdb
Replays
Latest Replays
All Replays
Popular Replays
Top Player Replays
Match Explorer
How It Works
Community
CoH3 Stats
Reddit
Sign in to upload your games and track your stats! →
Sign in with Steam
Match 41340908
Unlisted
Match 41340908
Overview
Messages
Build Orders
End
Construct Section Command Post
Selects Air and Sea Battlegroup
Infantry Section
Infantry Section
Infantry Section
Construct Platoon Command Post
Humber Armored Car
CMP 15cwt Truck
6-pounder Anti-tank Gun Team
Selects Commando Section Paradrop
Selects M1 Pack Howitzer Paradrop
M1 Pack Howitzer Paradrop
Commando Section Paradrop
Construct Company Command Post
Selects Anti-tank Rocket Loiter
Selects Naval Blockade
Selects UNKNOWN (223837)
Grenade Package
Matilda II Heavy Tank
Matilda II Heavy Tank
Anti-tank Rocket Loiter
Kelton312
TaYpworm
Winter-Officer
arbif99
Dave
SpudBoy
0
0
Comments
sign in to comment!
No comments posted yet!